 Dungeon Crawl Stone Soup version 0.23.2-33-g5129a83184 (webtiles) character file.

Game seed: 11533590494122783981

4 troglodite the Ducker (level 1, 0/13 HPs)
             Began as a Gnoll Wanderer on July 5, 2019.
             Slain by a giant cockroach (2 damage)
             ... on level 1 of the Dungeon.
             The game lasted 00:00:22 (37 turns).

troglodite the Ducker (Gnoll Wanderer)                Turns: 37, Time: 00:00:23

Health: 0/13       AC:  3    Str: 11    XL:     1   Next: 70%
Magic:  2/2        EV: 15    Int: 17    God:
Gold:   4          SH:  0    Dex: 14    Spells: 0/0 levels left

rFire    . . .     SeeInvis .   a - +0 dagger
rCold    . . .     Gourm    .   (no shield)
rNeg     . . .     Faith    .   d - +0 leather armour
rPois    .         Spirit   .   (no helmet)
rElec    .         Reflect  .   (no cloak)
rCorr    .         Harm     .   (no gloves)
MR       .....                  (no boots)
Stlth    ++........             (no amulet)
HPRegen  0.04/turn              (no ring)
MPRegen  0.08/turn              (no ring)

@: no status effects
A: distributed training, fangs 1, strong nose
a: no special abilities


You were on level 1 of the Dungeon.
You were not hungry.

You visited 1 branch of the dungeon, and saw 1 of its levels.

You collected 4 gold pieces.

Inventory:

Hand Weapons
 a - a +0 dagger (weapon)
Missiles
 b - 2 throwing nets (quivered)
Armour
 d - a +0 leather armour (worn)
Potions
 c - 2 potions of lignification
Comestibles
 f - a ration


   Skills:
 + Level 0.1 Fighting
 + Level 0.1 Short Blades
 + Level 0.1 Long Blades
 + Level 0.1 Axes
 + Level 0.1 Maces & Flails
 + Level 0.1 Polearms
 + Level 0.1 Staves
 + Level 0.1 Slings
 + Level 0.1 Bows
 + Level 0.1 Crossbows
 + Level 0.1 Throwing
 + Level 0.1 Armour
 + Level 6.4 Dodging
 + Level 2.2 Stealth
 + Level 2.4 Shields
 + Level 2.4 Unarmed Combat
 + Level 0.1 Spellcasting
 + Level 0.1 Conjurations
 + Level 0.1 Hexes
 + Level 0.1 Charms
 + Level 5.3 Summonings
 + Level 0.1 Necromancy
 + Level 0.1 Translocations
 + Level 0.1 Transmutations
 + Level 0.1 Fire Magic
 + Level 0.1 Ice Magic
 + Level 0.1 Air Magic
 + Level 0.1 Earth Magic
 + Level 0.1 Poison Magic
 + Level 0.2 Invocations
 + Level 2.4 Evocations


You couldn't memorise any spells.
You didn't know any spells.
Your spell library was empty.

Dungeon Overview and Level Annotations

Branches:
Dungeon (1/15)

Altars:


Innate Abilities, Weirdness & Mutations

Your experience applies equally to all skills.
You have very sharp teeth.
Your uncanny sense of smell can sniff out nearby items.


Message History

The hobgoblin completely misses you.
You hit the hobgoblin.
You kill the hobgoblin!
A bat comes into view.
The giant cockroach misses you.
You see here a giant cockroach corpse.
You closely miss the giant cockroach. Your bite misses the giant cockroach.
The giant cockroach barely misses you.
You hit the giant cockroach but do no damage.
The bat misses you. The giant cockroach misses you.
You hit the giant cockroach but do no damage.
The bat closely misses you. The giant cockroach closely misses you.
The bat barely misses you.
The giant cockroach completely misses you.
You hit the giant cockroach but do no damage.
You bite the giant cockroach, but do no damage.
The bat closely misses you.
The giant cockroach waves its antennae.
The giant cockroach bites you.
You die...

#..........?##
#....#......?.
#.......#.#.#
.#...........##
.......$....... ######
.#.....#....# ##≈≈≈≈≈
......s#....## #≈≈....
#...b.@.....### #≈..≈≈≈
##.....†#.....###..≈≈≈≈
#......###.#...#.≈≈...
#......#...#.#.'.≈..≈<
#......#.#.#.#.'.≈.≈≈.
#(.....#.#.#.###.≈..≈≈
######.# ###.# #.≈≈..≈
#.# ..# #.≈≈≈.. #.#
####.8.≈≈≈≈


You could see a giant cockroach and a bat.

Vanquished Creatures
  A ball python (D:1)
  A giant cockroach (D:1)
  A hobgoblin (D:1)
  A frilled lizard (D:1)
4 creatures vanquished.

Notes
Turn   | Place    | Note
-------+----------+-------------------------------------------
     0 | D:1      | troglodite the Gnoll Wanderer began the quest for the Orb.
     0 | D:1      | troglodite set off with the following items: a +0 dagger, 2
                  | throwing nets, 2 potions of lignification, a +0 leather
                  | armour, a ration
     0 | D:1      | Reached XP level 1. HP: 13/13 MP: 2/2
    37 | D:1      | Slain by a giant cockroach

Action                   || total
-------------------------++-------
Melee: Dagger            ||    19
       Bite              ||     2
Armor: Leather armour    ||     5
Dodge: Dodged            ||    31
